 Dungeon Crawl Stone Soup version 0.25-a0-578-gc91f01c39c (webtiles) character file.

Game seed: 11536630889755604878, levelgen mode: deterministic

371 Flugslaktarn the Chopper (level 6, 0/57 HPs)
             Began as a Deep Dwarf Fighter on Mar 5, 2020.
             Slain by Pikel
             ... wielding a +1 whip of electrocution
              (13 damage)
             ... on level 5 of the Dungeon.
             The game lasted 00:00:41 (510 turns).

Flugslaktarn the Chopper (Deep Dwarf Fighter)        Turns: 510, Time: 00:00:42

Health: 0/57       AC:  7    Str: 22    XL:     6   Next: 42%
Magic:  4/4        EV:  7    Int:  8    God:
Gold:   35         SH: 10    Dex: 12    Spells: 5/5 levels left

rFire    . . .     SeeInvis .   a - +0 war axe
rCold    . . .     Gourm    .   c - +0 kite shield
rNeg     . . .     Faith    .   b - +0 scale mail
rPois    .         Spirit   .   (no helmet)
rElec    .         Reflect  .   (no cloak)
rCorr    .         Harm     .   (no gloves)
MR       .....                  (no boots)
Stlth    ..........             (no amulet)
HPRegen  0.00/turn              (no ring)
MPRegen  0.09/turn              (no ring)

@: non-regenerating
A: damage resistance, heal wounds, sense surroundings 1, no regeneration
a: Heal Wounds


You were on level 5 of the Dungeon.
You were not hungry.

You visited 1 branch of the dungeon, and saw 5 of its levels.

You collected 35 gold pieces.

Inventory:

Hand Weapons
 a - a +0 war axe (weapon)
Armour
 b - a +0 scale mail (worn)
 c - a +0 kite shield (worn)
Scrolls
 j - 2 scrolls of blinking {unknown}
 k - a scroll of enchant weapon {unknown}
 m - a scroll of identify {unknown}
Potions
 d - a potion of might
 g - a potion of invisibility {unknown}
 h - a potion of haste {unknown}
 i - a potion of flight {unknown}
 l - 2 potions of lignification {unknown}
Comestibles
 e - 2 rations
 f - 9 chunks of flesh


   Skills:
 + Level 3.7 Fighting
 * Level 5.0 Axes
 + Level 4.6 Armour
 + Level 4.6 Shields


You had 5 spell levels left.
You didn't know any spells.
Your spell library was empty.

Dungeon Overview and Level Annotations

Branches:
Dungeon (5/15)             Temple (0/1) D:5

Altars:
Cheibriados
Xom

Annotations:
D:5 Pikel


Innate Abilities, Weirdness & Mutations

You are resistant to damage.
You can heal yourself by infusing magical energy.
You passively map a small area around you.
You do not regenerate.


Message History

You are too injured to fight recklessly!
You are too injured to fight recklessly!
You are too injured to fight recklessly!
You are too injured to fight recklessly!
You are too injured to fight recklessly!
You feel much better. Pikel barely misses you.
You hit Pikel.
Pikel is moderately wounded.
Pikel hits you with a +1 whip of electrocution.
You are electrocuted!
Pikel hits you but does no damage.
You are electrocuted!
You slash Pikel!
Pikel is heavily wounded.
Pikel hits you with a +1 whip of electrocution.
You hit Pikel.
Pikel is severely wounded.
Pikel hits you with a +1 whip of electrocution!
* * * LOW HITPOINT WARNING * * *
Pikel hits you with a +1 whip of electrocution.
You are electrocuted!
You die...

, #.........[....(
##............... ,
, .................
,
#................,,
........>........ *
#.........# * , , *
##.......###
##..K)....#.
##.@....... ,
#...##...# , , ,
#####,,..# , , .. ,
* , , ** , , , ,* *
>


You could see Pikel.

Vanquished Creatures
  4 slaves
  4 crimson imps (D:4)
  A hound (D:4)
  2 bullfrog skeletons (D:5)
  An orc priest (D:4)
  3 orc wizards
  An adder (D:4)
  A worm (D:3)
  6 orcs
  A ball python (D:2)
  8 jackals
  2 quokkas
  A quokka zombie (D:4)
  2 rats (D:1)
37 creatures vanquished.

Notes
Turn   | Place    | Note
-------+----------+-------------------------------------------
     0 | D:1      | Flugslaktarn the Deep Dwarf Fighter began the quest for the
                  | Orb.
     0 | D:1      | Reached XP level 1. HP: 20/20 MP: 1/1
   104 | D:3      | Reached XP level 2. HP: 22/27 MP: 2/2
   158 | D:4      | Reached skill level 3 in Axes
   158 | D:4      | Reached XP level 3. HP: 31/33 MP: 3/3
   162 | D:4      | Found a snail-covered altar of Cheibriados.
   207 | D:4      | Found a shimmering altar of Xom.
   223 | D:4      | Reached XP level 4. HP: 40/42 MP: 4/4
   228 | D:4      | Paralysed by a crimson imp for 2 turns
   265 | D:4      | Reached skill level 4 in Axes
   265 | D:4      | Reached XP level 5. HP: 37/49 MP: 5/5
   443 | D:5      | Entered Level 5 of the Dungeon
   443 | D:5      | Noticed Pikel
   443 | D:5      | Noticed a slave
   443 | D:5      | Noticed a slave
   443 | D:5      | Noticed a slave
   445 | D:5      | Noticed a slave
   449 | D:5      | Paralysed by Pikel for 2 turns
   465 | D:4      | Killed a slave
   474 | D:4      | Reached XP level 6. HP: 33/56 MP: 5/5
   484 | D:4      | Killed a slave
   491 | D:5      | Paralysed by Pikel for 2 turns
   498 | D:5      | Killed a slave
   504 | D:5      | Killed a slave
   504 | D:5      | Reached skill level 5 in Axes
   510 | D:5      | Slain by Pikel

Levels and vault maps discovered:
D:1:      ebering_trefoil_twist, layout_rooms, minmay_lizard_king
D:2:      layout_rooms, grunt_temple_overflow_forces_of_nature,
          lemuel_doored_altar, overflow_temple_1_default, serial_forest,
          infiniplex_forest_lined_4_way, infiniplex_forest_clump_diagonal,
          infiniplex_forest_corner_2, infiniplex_forest_lined_room_3,
          infiniplex_forest_diagonal, infiniplex_forest_lined_2,
          infiniplex_forest_clump_small
D:3:      layout_rooms, first_ration
D:4:      layout_loops_cross, led_xom_imps, nicolae_overflow_crystal_walls,
          overflow_temple_1_default, corexii_corridor_pit, st_stairs_4,
          uniq_duvessa
D:5:      layout_cave_pools, kennysheep_ying_yang, kennysheep_mini,
          temple_statues, uniq_pikel, uniq_sigmund, uniq_menkaure

Skill      XL: |  1  2  3  4  5  6 |
---------------+-------------------+-----
Axes           | 3 4 5 |  5.0
Fighting       | 3 |  3.7
Armour         | 4 |  4.6
Shields        | 4 |  4.6

Action                   |  1- 3 |  4- 6 || total
-------------------------+-------+-------++-------
Melee: War axe           |    58 |   110 ||   168
 Abil: Heal Wounds       |     1 |     8 ||     9
Armor: Scale mail        |    41 |    82 ||   123
Dodge: Dodged            |    29 |    37 ||    66
Block: Kite shield       |    35 |    85 ||   120

Table legend:
 A = Non-vault XP
 B = Vault XP
 C = Vault XP percentage of total XP
 D = Non-vault monster count
 E = Vault monster count
 F = Vault count percentage of total count
                 A         B        C        D         E       F
            +---------+---------+-------+---------+---------+-------
      Total |     294 |     236 |  44.5 |      27 |       6 |  18.2
            +---------+---------+-------+---------+---------+-------
        D:1 |       2 |       0 |   0.0 |       2 |       0 |   0.0
        D:2 |       4 |       0 |   0.0 |       2 |       0 |   0.0
        D:3 |      13 |       0 |   0.0 |       5 |       0 |   0.0
        D:4 |     150 |     236 |  61.1 |      14 |       6 |  30.0
        D:5 |     125 |       0 |   0.0 |       4 |       0 |   0.0
            +---------+---------+-------+---------+---------+-------
